 Dungeon Crawl Stone Soup version 0.17.1-2-g5865329 (webtiles) character file.

9175 Iamburgie the Fighter (level 11, -3/111 HPs)
             Began as a Minotaur Fighter on Feb 6, 2016.
             Was a High Priest of Okawaru.
             Slain by a river rat (7 damage)
             ... on level 10 of the Dungeon.
             The game lasted 00:25:55 (10174 turns).

Iamburgie the Fighter (Minotaur Fighter)           Turns: 10174, Time: 00:25:55

Health: -3/111     AC: 10    Str: 22    XL:     11   Next: 19%
Magic:  10/10      EV:  8    Int:  5    God:    Okawaru [*****.]
Gold:   460        SH: 10    Dex: 15    Spells: 0 memorised, 10 levels left

rFire  . . .     SeeInvis .     i - +0 trident (venom)
rCold  . . .     Clarity  .     z - +1 ring mail "Foedgh" {Dex+3}
rNeg   + . .     SustAt   .     c - +0 shield
rPois  .         Gourm    .     (helmet restricted)
rElec  .         Spirit   .     D - +1 cloak
rCorr  .         Warding  +     f - +0 pair of gloves
rMut   .         Stasis   .     (no boots)
MR     +....                    d - amulet of warding
Stlth  +.........               (no ring)
                                K - ring of protection from magic

@: somewhat resistant to hostile enchantments, very unstealthy
A: retaliatory headbutt, horns 2
a: Heroism, Finesse, Renounce Religion


You were on level 10 of the Dungeon.
You worshipped Okawaru.
Okawaru was extremely pleased with you.
You were not hungry.

You visited 2 branches of the dungeon, and saw 11 of its levels.
You also visited: Sewer.

You collected 580 gold pieces.
You spent 120 gold pieces at shops.

Inventory:

Hand Weapons
 a - a +1 war axe
 i - a +0 trident of venom (weapon)
 H - a +0 scimitar
Armour
 c - a +0 shield (worn)
 f - a +0 pair of gloves (worn)
 z - the +1 ring mail "Foedgh" (worn) {Dex+3}
   (You found it on level 7 of the Dungeon)

   It affects your dexterity (+3).
 C - a +0 plate armour
 D - a +1 cloak (worn)
 L - a +6 plate armour of ponderousness
Jewellery
 d - an amulet of warding (around neck)
 K - a ring of protection from magic (left hand)
Wands
 y - a wand of hasting (5)
 A - a wand of lightning (3)
Scrolls
 k - 11 scrolls of remove curse
 m - 2 scrolls of immolation
 o - a scroll of enchant armour
 p - 6 scrolls of teleportation
 v - a scroll of recharging
 w - 2 scrolls of identify
 J - a scroll of amnesia {unknown}
 N - a scroll of enchant weapon
Potions
 h - a potion of berserk rage
 j - 3 potions of brilliance
 l - 3 potions of mutation
 n - 3 potions of heal wounds
 q - 14 potions of curing
 s - a potion of lignification
 u - 3 potions of magic {unknown}
 x - 3 potions of flight {unknown}
 B - 2 potions of degeneration
 E - 2 potions of resistance {unknown}
 F - a potion of cure mutation {unknown}
 I - a potion of haste {unknown}
 Q - a potion of agility
Books
 P - a book of Cantrips

   Spells                             Type                      Level
   a - Corona                         Hexes                        1
   b - Animate Skeleton               Necromancy                   1
   c - Summon Small Mammal            Summoning                    1
   d - Apportation                    Translocation                1
Comestibles
 b - 2 chunks of flesh
 e - 9 bread rations
 g - 5 meat rations
 r - 8 fruits
 t - 3 beef jerkies
 G - a royal jelly


   Skills:
 + Level 14.4 Fighting
 - Level 10.1(12.0) Axes
 + Level 10.8(12.3) Polearms
 - Level 3.9 Armour
 - Level 4.0 Shields


You had 10 spell levels left.
You didn't know any spells.

Dungeon Overview and Level Annotations

Branches:
Dungeon (10/15)            Temple (1/1) D:6
   Lair: D:8-11         Orc: D:9-12

Altars:
Ashenzari
Cheibriados
Dithmenos
Elyvilon
Fedhas
Gozag
Kikubaaqudgha
Makhleb
Nemelex Xobeh
Okawaru
Qazlal
Ru
Sif Muna
Trog
Vehumet
Xom
Yredelemnul
Zin
The Shining One
Jiyva

Shops:
D:8 !   D:9 !


Innate Abilities, Weirdness & Mutations

You reflexively headbutt those who attack you in melee.
You have a pair of horns on your head.


Message History

* * * LOW HITPOINT WARNING * * *
You hit the hill giant.
You headbutt the hill giant, but do no damage.
The hill giant is heavily wounded.
You block the river rat's attack.
You puncture the hill giant! You headbutt the hill giant.
The hill giant is severely wounded.
You block the hill giant's attack. The river rat barely misses you.
You furiously retaliate!
You headbutt the river rat. You hit the hill giant.
You headbutt the hill giant.
The hill giant is almost dead.
The hill giant misses you.
You puncture the hill giant!
You kill the hill giant!
Okawaru accepts your kill. The river rat bites you.
* * * LOW HITPOINT WARNING * * *
A river rat comes into view.
The river rat bites you!
You die...

#...# #...# #..# #
#.... #...# #..#
......#. #...# #..#
......#.. #...#
#..# ....
#...#####..# .
#.........## .
#.........# .
#.........# .
#.@.......# .
.......r..........>
...................
.............######
.............# #
.............# #
.............# #
...r..........


You could see 2 river rats.

Vanquished Creatures
  Erolcha (D:9)
  The ghost of Clownie the Carver, a novice DrGl of Elyvilon (D:7)
  2 unseen horrors (D:10)
  A hill giant (D:10)
  A two-headed ogre (D:8)
  Grinder (D:6)
  2 wraiths
  Sigmund (D:4)
  3 yaks (D:10)
  A hippogriff (D:9)
  2 hungry ghosts
  Duvessa (D:6)
  An ice beast (D:6)
  A sky beast (D:5)
  2 black bears
  4 orc warriors
  A phantom (D:8)
  2 ogres
  5 centaurs
  Blork the orc (D:6)
  A gnoll sergeant (D:9)
  A big kobold (Sewer)
  A giant frog (D:8)
  Dowan (D:6)
  3 scorpions
  17 killer bees
  9 wights (D:8)
  14 orc wizards
  4 crimson imps
  4 orc priests
  A centaur zombie (D:10)
  A centaur skeleton (D:5)
  6 hounds
  4 iguanas
  4 jellies
  3 giant frog skeletons
  5 worker ants
  A killer bee zombie (D:6)
  Robin (D:4)
  9 gnolls
  4 river rats
  9 adders
  2 shadow imps
  2 adder skeletons
  4 worms
  3 giant geckos
  42 orcs
  A ball python (D:2)
  5 bats
  8 giant cockroaches
  23 goblins
  7 hobgoblins
  13 kobolds
  8 quokkas
  6 giant newts
  9 jackals
  A jackal skeleton (D:5)
  10 rats
281 creatures vanquished.

Notes
Turn   | Place    | Note
--------------------------------------------------------------
     0 | D:1      | Iamburgie the Minotaur Fighter began the quest for the Orb.
     0 | D:1      | Reached XP level 1. HP: 19/19 MP: 0/0
   263 | D:1      | Reached XP level 2. HP: 27/27 MP: 1/1
   395 | D:1      | Reached skill level 4 in Shields
   894 | D:2      | Found a glowing golden altar of the Shining One.
   909 | D:2      | Reached XP level 3. HP: 33/33 MP: 2/2
  1478 | D:3      | Found a faded altar to an unknown god.
  1493 | D:3      | Found a sparkling altar of Nemelex Xobeh.
  1573 | D:3      | Reached XP level 4. HP: 39/41 MP: 3/3
  1585 | D:3      | Noticed a scorpion
  1610 | D:3      | Killed a scorpion
  1610 | D:3      | Reached skill level 5 in Fighting
  1692 | D:3      | Reached XP level 5. HP: 37/48 MP: 4/4
  2060 | D:3      | Found a glowing drain.
  2064 | Sewer    | Entered a sewer
  2072 | Sewer    | Reached skill level 5 in Axes
  2166 | Sewer    | Found a white marble altar of Elyvilon.
  2362 | D:4      | Noticed Sigmund
  2374 | D:4      | Killed Sigmund
  2374 | D:4      | Reached skill level 6 in Fighting
  2374 | D:4      | Reached XP level 6. HP: 56/58 MP: 5/5
  2601 | D:4      | Found a glowing silver altar of Zin.
  2688 | D:4      | Noticed Robin
  2698 | D:4      | Killed Robin
  2802 | D:4      | Reached skill level 7 in Fighting
  2882 | D:4      | Reached XP level 7. HP: 62/66 MP: 6/6
  3052 | D:5      | Entered Level 5 of the Dungeon
  3109 | D:5      | Found a snail-covered altar of Cheibriados.
  3717 | D:5      | Reached skill level 8 in Fighting
  3974 | D:5      | Reached XP level 8. HP: 72/75 MP: 7/7
  4108 | D:6      | Noticed Duvessa
  4108 | D:6      | Noticed Dowan
  4108 | D:6      | Noticed Grinder
  4148 | D:6      | Reached skill level 9 in Fighting
  4452 | D:6      | Found a staircase to the Ecumenical Temple.
  4482 | Temple   | Entered the Ecumenical Temple
  4631 | Temple   | Became a worshipper of Warmaster Okawaru
  4932 | D:6      | Found a deep blue altar of Sif Muna.
  4947 | D:6      | Reached skill level 10 in Fighting
  4962 | D:6      | Noticed Blork the orc
  4970 | D:6      | Killed Blork the orc
  5024 | D:6      | Paralysed by Grinder for 6 turns
  5038 | D:6      | Paralysed by Grinder for 7 turns
  5054 | D:6      | Killed Grinder
  5054 | D:6      | Reached * piety under Okawaru
  5208 | D:6      | Killed Dowan
  5208 | D:6      | Reached skill level 10 in Axes
  5208 | D:6      | Reached XP level 9. HP: 75/86 MP: 8/8
  5212 | D:6      | Killed Duvessa
  5497 | D:6      | Found a radiant altar of Vehumet.
  5525 | D:6      | Identified a scroll of acquirement
  5591 | D:7      | Reached skill level 1 in Polearms
  5596 | D:7      | Noticed Clownie's ghost (novice DrGl)
  5641 | D:7      | Killed Clownie's ghost
  5641 | D:7      | Reached ** piety under Okawaru
  5641 | D:7      | Reached skill level 11 in Fighting
  6186 | D:7      | Found a shadowy altar of Dithmenos.
  6322 | D:7      | Reached skill level 5 in Polearms
  6334 | D:7      | Found a sparkling altar of Nemelex Xobeh.
  6575 | D:7      | Got a smelly ring mail
  6634 | D:7      | Found a bloodstained altar of Trog.
  6689 | D:7      | Identified the cursed +1 ring mail "Foedgh" {Dex+3} (You found it on level 7 of the Dungeon)
  6786 | D:8      | Reached skill level 12 in Fighting
  6866 | D:8      | Reached *** piety under Okawaru
  6873 | D:8      | Reached XP level 10. HP: 73/99 MP: 9/9
  6886 | D:8      | Found Jaukki's Distillery.
  7182 | D:8      | Found a stormy altar of Qazlal.
  7684 | D:7      | Found an ancient bone altar of Kikubaaqudgha.
  7834 | D:9      | Noticed Erolcha
  7855 | D:9      | Killed Erolcha
  7855 | D:9      | Reached skill level 13 in Fighting
  8287 | D:9      | Reached **** piety under Okawaru
  8297 | D:9      | Found Kujag's Distillery.
  8307 | D:9      | Bought a potion of degeneration for 12 gold pieces
  8307 | D:9      | Bought a potion of heal wounds for 60 gold pieces
  8307 | D:9      | Bought a potion of agility for 48 gold pieces
  9118 | D:10     | Entered Level 10 of the Dungeon
  9292 | D:10     | Killed an unseen horror
  9564 | D:10     | Killed an unseen horror
  9564 | D:10     | Reached skill level 14 in Fighting
  9564 | D:10     | Reached skill level 10 in Polearms
  9609 | D:10     | Reached ***** piety under Okawaru
  9609 | D:10     | Reached XP level 11. HP: 92/110 MP: 10/10
 10161 | D:10     | Noticed a hill giant
 10173 | D:10     | Killed a hill giant
 10173 | D:10     | HP: 4/111 [river rat (3)]
 10174 | D:10     | Slain by a river rat

Action                   |  1- 3 |  4- 6 |  7- 9 | 10-12 || total
-------------------------+-------+-------+-------+-------++-------
Melee: War axe           |   130 |   132 |   160 |       ||   422
       Trident           |       |       |   157 |   300 ||   457
  Use: Potion            |       |     1 |     1 |     2 ||     4
       Scroll            |       |       |    16 |     2 ||    18
  Eat: Chunk             |     2 |     5 |    13 |    13 ||    33
